 Dungeon Crawl Stone Soup version 0.28.0-43-g3370ac3207 (webtiles) character file.

Game seed: 10428044105677030412

130 RatsInWalls the Poker (level 5, -2/38 HPs)
             Began as a Human Wanderer on Mar 31, 2022.
             Was a Follower of Okawaru.
             Slain by a scorpion (6 damage)
             ... on level 4 of the Dungeon.
             The game lasted 00:05:55 (3450 turns).

RatsInWalls the Poker (Human Wanderer)              Turns: 3450, Time: 00:05:56

Health: -2/38      AC:  4    Str: 13    XL:     5   Next: 36%
Magic:  5/8        EV: 12    Int: 13    God:    Okawaru [*.....]
Gold:   142        SH:  0    Dex: 13    Spells: 7/8 levels left

rFire   . . .      SeeInvis .   a - +2 spear
rCold   . . .      Faith    .   (no shield)
rNeg    . . .      Spirit   .   c - +0 leather armour
rPois   .          Reflect  .   (no helmet)
rElec   .          Harm     .   b - +0 cloak
rCorr   .          Rampage  .   (no gloves)
Will    .....                   (no boots)
Stlth   +.........              (no amulet)
HPRegen 0.12/turn               (no ring)
MPRegen 0.11/turn               (no ring)

@: lethally poisoned (-2 -> -16), very slightly contaminated
A: no striking features
a: Renounce Religion, Heroism


You were on level 4 of the Dungeon.
You worshipped Okawaru.
Okawaru was aware of your devotion.
You visited 1 branch of the dungeon, and saw 4 of its levels.

You collected 142 gold pieces.

Inventory:

Hand Weapons
 a - a +2 spear (weapon)
 l - a +0 glaive
Armour
 b - a +0 cloak (worn)
 c - a +0 leather armour (worn)
Jewellery
 m - a ring of fire
Scrolls
 e - 3 scrolls of vulnerability {unknown}
 f - a scroll of torment {unknown}
 g - 3 scrolls of identify {unknown}
 h - a scroll of enchant weapon {unknown}
 i - a scroll of holy word {unknown}
 k - a scroll of teleportation {unknown}
Potions
 d - 2 potions of curing {unknown}
 j - 2 potions of brilliance {unknown}


   Skills:
 + Level 1.8 Fighting
 + Level 4.0 Polearms
 + Level 2.2 Armour
 + Level 2.1 Dodging
 + Level 0.4 Stealth
 * Level 2.3 Spellcasting
 + Level 0.1 Transmutations
 * Level 3.0 Poison Magic
 * Level 0.4 Invocations


You had 7 spell levels left.
You knew the following spells:

 Your Spells              Type           Power      Damage    Failure   Level
a - Sting                 Tmut/Pois      20%        1d4       17%         1

Your spell library contained the following spells:

 Spells                   Type           Power      Damage    Failure   Level
 Beastly Appendage        Tmut           2%         N/A       30%         1
 Wereblood                Tmut           1%         N/A       41%         2
 Sublimation of Blood     Necr           1%         N/A       43%         2
 Spider Form              Tmut/Pois      5%         N/A       45%         3
 Summon Hydra             Summ           Unusable   N/A       N/A         7

Dungeon Overview and Level Annotations

Branches:
Dungeon (4/15)
 Temple: D:4-7

Altars:
Okawaru


Message History

The scorpion is moderately wounded.
The scorpion stings you.
You are poisoned.
The scorpion poisons you! The scorpion stings you.
You are more poisoned.
The scorpion poisons you!
You hit the scorpion.
The scorpion is severely wounded.
You feel very sick. The scorpion barely misses you.
You hit the scorpion but do no damage.
The scorpion is severely wounded.
You feel very sick.
The scorpion looks more healthy.
The scorpion misses you.
You barely miss the scorpion.
The scorpion is almost dead.
You feel very sick.
The scorpion stings you but does no damage.
Casting: Sting (safe; 17% risk of failure)
Confirm with . or Enter, or press ? or * to list all spells.
Aiming: Sting (safe; 17% risk of failure)
Press: ? - help, Shift-Dir - straight line, p - scorpion You feel very sick.
The scorpion stings you but does no damage.
Unknown command.
Casting: Sting (safe; 17% risk of failure)
Confirm with . or Enter, or press ? or * to list all spells.
Aiming: Sting (safe; 17% risk of failure)
Press: ? - help, Shift-Dir - straight line, f - scorpion
Aim: a scorpion (almost dead, 68% to hit)
The sting misses the scorpion.
You feel sick. The scorpion stings you.
* * * LOW HITPOINT WARNING * * *
You are more poisoned.
The scorpion poisons you!
You hit the scorpion but do no damage.
The scorpion is almost dead.
* * * LOW HITPOINT WARNING * * *
You feel very sick. The scorpion stings you.
You die...

#.# #.#
#.#######.# #
#....s@.#.# #.
......###.#.# ##.#
###.# #.#.# #...
.. #.#(# .#. #
#.#.##########...
#...............#
#...######...####
#.............#
....#######>..####


You could see a scorpion.

Vanquished Creatures
  An orc wizard (D:3)
  4 adders
  A worm (D:3)
  2 dart slugs
  4 orcs (D:3)
  A bat (D:1)
  2 endoplasms (D:2)
  4 giant cockroaches
  8 goblins
  7 hobgoblins
  3 quokkas (D:1)
  7 ball pythons
  6 frilled lizards
  4 kobolds
  5 rats
59 creatures vanquished.

Vanquished Creatures (others)
  2 plants (D:4)
2 creatures vanquished.

Grand Total: 61 creatures vanquished

Notes
Turn   | Place    | Note
-------+----------+-------------------------------------------
     0 | D:1      | RatsInWalls the Human Wanderer began the quest for the Orb.
     0 | D:1      | RatsInWalls set off with the following items: a +2 spear, a
                  | +0 cloak, a +0 leather armour; and the following spell
                  | memorised: Sting; and the following spells available to
                  | memorise: Spider Form
     0 | D:1      | Reached XP level 1. HP: 15/15 MP: 3/3
   206 | D:1      | Reached XP level 2. HP: 21/21 MP: 5/5
   485 | D:1      | Reached XP level 3. HP: 24/26 MP: 3/6
   785 | D:1      | Reached skill level 1 in Armour
   790 | D:1      | Found a faded altar of an unknown god.
   799 | D:1      | Prayed at the altar of an unknown god.
   799 | D:1      | Became a worshipper of Warmaster Okawaru
   799 | D:1      | Reached * piety under Okawaru
  1433 | D:2      | Reached XP level 4. HP: 16/32 MP: 7/7
  2555 | D:3      | Reached XP level 5. HP: 19/38 MP: 5/8
  3450 | D:4      | Slain by a scorpion

Illustrated notes

Levels and vault maps discovered:
D:1:      ebering_trefoil_twist, layout_loops_cross,
          dreamdust_ecumenical_altar_hidden_monk_grotto, minmay_box_of_dots
D:2:      layout_loops_cross, minmay_tromino_v4_c
D:3:      layout_loops_ring, corexii_shack
D:4:      layout_loops_ring, guppyfry_early_lair_pool

Skill      XL: |  1  2  3  4  5 |
---------------+----------------+-----
Armour         | 1 2 |  2.2
Dodging        | 2 |  2.1
Poison Magic   | 3 |  3.0
Fighting       | |  1.8
Polearms       | |  4.0
Stealth        | |  0.4
Spellcasting   | |  2.3
Transmutations | |  0.1
Invocations    | |  0.4

Action                   |  1- 3 |  4- 6 || total
-------------------------+-------+-------++-------
Melee: Spear             |   121 |    90 ||   211
       Punch             |     4 |     2 ||     6
 Cast: Sting             |       |     6 ||     6
 Stab: Sleeping          |     1 |     1 ||     2
Armor: Leather armour    |    21 |    12 ||    33
Dodge: Dodged            |    47 |    20 ||    67
